 Dungeon Crawl Stone Soup version 0.31.0-32-g396128a36d (webtiles) character file.

Game seed: 11428945799538707852

135 AuftragZ the Conjurer (level 4, -6/24 HPs)
             Began as a Deep Elf Conjurer on Feb 14, 2024.
             Mangled by Edmund
             ... wielding a +2 dire flail of protection
              (12 damage)
             ... on level 4 of the Dungeon on Apr 18, 2024.
             The game lasted 00:11:02 (2943 turns).

AuftragZ the Conjurer (Deep Elf Conjurer)           Turns: 2943, Time: 00:11:03

Health: -6/24      AC:  3    Str:  4    XL:     4   Next: 96%
Magic:  0/13       EV: 12    Int: 25    God:
Gold:   171        SH:  0    Dex: 13    Spells: 10/13 levels left

rFire   + . .        (no weapon)
rCold   + . .        (no shield)
rNeg    . . .        a - +1 robe
rPois   +            (no helmet)
rElec   .            d - scarf {rC+ rF+}
rCorr   .            (no gloves)
SInv    .            (no boots)
Will    .....        (no amulet)
Stlth   ++           k - ring of poison resistance
HPRegen 0.24/turn    (no ring)
MPRegen 0.13/turn

%: no passive effects
@: no status effects
A: no striking features
a: no special abilities


You were on level 4 of the Dungeon.
You visited 1 branch of the dungeon, and saw 4 of its levels.

You collected 171 gold pieces.

Inventory:

Armour
 a - a +1 robe (worn)
 d - a scarf of resistance (worn)
Jewellery
 k - a ring of poison resistance (left hand)
Wands
 h - a wand of light (10)
Scrolls
 e - a scroll of identify
 j - 3 scrolls of revelation
 l - a scroll of vulnerability {unknown}
Potions
 b - a potion of magic
 c - 2 potions of curing
 f - a potion of brilliance
 g - a potion of haste
 m - a potion of ambrosia {unknown}


   Skills:
 - Level 2.4 Dodging
 + Level 2.8 Stealth
 * Level 5.0 Spellcasting
 + Level 5.9 Conjurations


You had 10 spell levels left.
You knew the following spells:

 Your Spells              Type           Power      Damage    Failure   Level
a - Magic Dart            Conj           100%       1d8       1%          1
b - Searing Ray           Conj           70%        2d7       1%          2

Your spell library contained the following spells:

 Spells                   Type           Power      Damage    Failure   Level
 Stone Arrow              Conj/Erth      42%        3d9       8%          3
 Fulminant Prism          Conj/Alch      10%        3d9       24%         4
 Iskenderun's Mystic Bla  Conj/Tloc      21%        2d6       24%         4
 Animate Armour           Summ/Erth      12%        N/A       63%         4
 Ignite Poison            Fire/Alch      6%         N/A       63%         4
 Sticky Flame             Fire/Alch      6%         2d4       63%         4
 Ignition                 Fire           3%         3d4       100%        8
 Lehudib's Crystal Spear  Conj/Erth      10%        10d4      100%        8


Dungeon Overview and Level Annotations

Branches:
Dungeon (4/15)
 Temple: D:4-7

Altars:
Elyvilon

Annotations:
D:1 1 transporter
D:4 Edmund


Message History

The searing ray hits the orc.
The orc is severely wounded.
The orc barely misses you.
Edmund hits you with a +2 dire flail of protection.
The searing ray hits Edmund.
Edmund is heavily wounded.
The searing ray hits the orc!
You kill the orc!
Edmund misses you.
You feel much better. Edmund barely misses you.
Casting: Searing Ray (safe; 1% risk of failure)
Confirm with . or Enter, or press ? or * to list all spells.
Aiming: Searing Ray (safe; 1% risk of failure)
Press: ? - help, Shift-Dir - straight line, f - Edmund
Aim: Edmund, wielding a +2 dire flail of protection and wearing a +0 chain mail (heavily wounded, 86% to hit)
The searing ray hits Edmund.
Edmund is heavily wounded. (Press . to maintain the ray.) Edmund hits you with a +2 dire flail of protection.
The searing ray hits Edmund.
Edmund is severely wounded.
Edmund misses you.
The searing ray misses Edmund.
Edmund hits you with a +2 dire flail of protection!
Ouch! That really hurt!
You feel better.
Edmund hits you with a +2 dire flail of protection!
Ouch! That really hurt!
* * * LOW HITPOINT WARNING * * *
Casting: Searing Ray (safe; 1% risk of failure)
Confirm with . or Enter, or press ? or * to list all spells.
Aiming: Magic Dart (safe; 1% risk of failure)
Press: ? - help, Shift-Dir - straight line, f/p - Edmund
Aim: Edmund, wielding a +2 dire flail of protection and wearing a +0 chain mail (severely wounded, 100% to hit)
The magic dart hits Edmund.
Edmund is almost dead.
Edmund hits you with a +2 dire flail of protection!
Ouch! That really hurt!
You die...
Edmund says, "I'd like to see a scythe do that!"

### ... ..# .#....
..# ..... ..#
#....### ..#
#.....## ##..#
#.....#####@@)#
#...........#......
#.......##### #....
##.<.....## ...
#.).......# .
#.........#
#.#.......#
###########


You could see Edmund.

Vanquished Creatures
  A scorpion (D:3)
  3 ribbon worms
  An orc (D:4)
  10 bats
  7 endoplasms
  A giant cockroach (D:1)
  4 goblins
  8 hobgoblins
  4 jackals (D:1)
  A quokka (D:3)
  7 ball pythons
  2 frilled lizards
  7 kobolds
  10 rats
66 creatures vanquished.

Notes
Turn   | Place    | Note
-------+----------+-------------------------------------------
     0 | D:1      | AuftragZ the Deep Elf Conjurer began the quest for the Orb.
     0 | D:1      | Reached XP level 1. HP: 10/10 MP: 6/6
   179 | D:1      | Reached XP level 2. HP: 15/15 MP: 6/8
   430 | D:1      | Upgraded the game from 0.31.0-12-g77e489cdc1 to
                  | 0.31.0-32-g396128a36d
   444 | D:1      | Reached skill level 5 in Conjurations
   624 | D:1      | Learned a level 2 spell: Searing Ray
   816 | D:1      | Reached XP level 3. HP: 19/19 MP: 6/9
  2177 | D:3      | Found a white marble altar of Elyvilon.
  2343 | D:3      | Reached XP level 4. HP: 24/24 MP: 4/12
  2666 | D:3      | Noticed a scorpion
  2672 | D:3      | Killed a scorpion
  2673 | D:3      | Reached skill level 5 in Spellcasting
  2927 | D:4      | Noticed Edmund
  2943 | D:4      | Mangled by Edmund

Illustrated notes

Levels and vault maps discovered:
D:1:      spicycebolla_arrival_risky_transporter, layout_loops_corners,
          minmay_tripent
D:2:      layout_loops_cross, minmay_split_cup_small
D:3:      layout_basic, elyvilon_altar_4
D:4:      minmay_opposing_rooms, layout_cave_pods, mainiacjoe_overflow_24_doors,
          trog_three_pillars_becter, minmay_temple_entry_proselytizer,
          uniq_edmund

Skill      XL: |  1  2  3  4 |
---------------+-------------+-----
Conjurations   | 5 |  5.9
Spellcasting   | 4 5 |  5.0
Dodging        | |  2.4
Stealth        | |  2.8

Action                     |  1- 3 |  4- 6 || total
---------------------------+-------+-------++-------
  Melee: Unarmed           |     2 |       ||     2
   Cast: Magic Dart        |    87 |    12 ||    99
         Searing Ray       |     6 |     9 ||    15
    Use: Scroll            |    12 |     2 ||    14
         Potion            |       |     2 ||     2
 Armour: Robe              |     4 |     7 ||    11
  Dodge: Dodged            |     9 |     7 ||    16
